Map: Abyssal Reef LE

Players

Pain

  • Race: Terran Terran
  • Spawn Location: 11:00

A.I. 1 (Easy) - Winner!

  • Race: Protoss Protoss
  • Spawn Location: 5:00

VOD

Have the link to the VOD?

Description

Time

  • Played on: Sept. 4, 2017, 12:31 a.m.
  • Length: 27:40
Show
View Real Time Build Order
Export as new Build Order

Pain Terran 

Build Orders:  

Get SALT Encoding   

  12  0:14  Supply Depot  
  12  0:33  Engineering Bay  
  12  0:43  Barracks  
  12  0:56  Supply Depot  
  12  1:02  Supply Depot  
  12  1:41  Refinery  
  12  1:43  Supply Depot  
  12  1:59  Bunker  
  12  2:12  SCV  
  13  2:22  Barracks Tech Lab  
  13  2:24  SCV  
  14  2:36  SCV, Barracks Reactor  
  15  2:48  SCV  
  15  2:50  Supply Depot  
  16  3:00  SCV  
  17  3:12  SCV  
  18  3:22  Barracks  
  18  3:24  SCV  
  19  3:27  Terran Infantry Weapons Level 1  
  19  3:30  Marine  
  19  3:31  Marine  
  21  3:46  Missile Turret  
  21  4:08  Supply Depot  
  21  4:10  Marine x2  
  23  4:28  Marine x2  
  25  4:31  Barracks Reactor  
  25  4:34  Barracks Tech Lab  
  25  4:43  Supply Depot  
  25  4:51  Marine x2  
  27  5:08  Marine  
  27  5:13  Factory  
  28  5:21  Terran Infantry Armor Level 1  
  28  5:24  Missile Turret  
  28  5:45  Marine x2  
  28  5:48  Marauder  
  32  6:03  Marine x2  
  34  6:10  Marauder  
  36  6:29  Marine x2  
  36  6:31  Marauder  
  40  6:47  Marine x2  
  40  6:52  Supply Depot, Marauder  
  44  6:57  Refinery  
  44  7:04  Marine  
  45  7:14  Marauder  
  47  7:23  Building Armor  
  47  7:29  Marine x2  
  49  7:46  Marine  
  49  7:47  Marine  
  51  7:59  Marauder  
  51  8:04  Marine  
  54  8:20  Marauder  
  54  8:21  Marine  
  54  8:22  Marine  
  54  8:38  Marine  
  54  8:40  Marine  
  50  8:42  Marauder  
  49  8:56  Marine  
  49  8:58  Marine  
  45  9:31  Marauder  
  45  9:42  Marine x2  
  49  9:52  Marauder  
  49  10:00  Marine x2, Starport  
  49  10:07  Supply Depot  
  51  10:10  Supply Depot  
  51  10:14  Supply Depot, Marauder  
  53  10:18  Marine x2  
  52  10:35  Marauder  
  50  10:36  Marine x2  
  51  10:57  Marauder  
  52  11:06  Marine x2  
  54  11:18  Marauder  
  56  11:23  Marine  
  56  11:24  Marine  
  58  11:39  Marauder  
  60  11:41  Marine x2  
  61  11:59  Marine x2  
  61  12:01  Marauder  
  65  12:22  Marauder  
  64  12:43  Marauder  
  45  13:07  Marine x2  
  45  13:10  Marauder  
  45  13:11  Liberator  
  46  13:25  Marine x2  
  48  13:31  Marauder  
  53  13:43  Marine x2  
  55  13:53  Liberator, Marauder  
  57  14:00  Marine x2  
  47  14:14  Marauder  
  44  14:18  Marine x2  
  46  14:35  Marauder  
  46  14:36  Marine  
  49  14:40  Liberator  
  52  15:14  Marine x2  
  54  15:23  Liberator  
  53  15:57  Marine x2  
  55  16:06  Liberator  
  55  16:14  Marine  
  55  16:15  Marine  
  60  16:32  Marine  
  60  16:35  Supply Depot  
  61  16:43  Supply Depot  
  55  17:42  Liberator  
  53  18:03  Marauder  
  53  18:04  Marine  
  58  18:25  Marauder  
  35  18:58  Liberator  
  38  19:23  SCV  
  39  19:33  Marine x2  
  39  19:35  SCV  
  42  19:50  Marine  
  43  20:08  Starport Reactor  
  43  20:31  Refinery  
  43  20:43  Liberator  
  30  25:01  Refinery  
  30  25:07  Supply Depot  
  30  25:56  Supply Depot  
  30  26:17  SCV  
  31  26:20  Barracks  
  31  26:50  Supply Depot  
  31  27:12  SCV  
  32  27:20  Marine  
  29  27:24  SCV  
Show
View Real Time Build Order
Export as new Build Order

A.I. 1 (Easy) Protoss - Winner!

Build Orders:  

Get SALT Encoding   

  12  0:01  Probe (Chrono Boost)  
  13  0:11  Probe (Chrono Boost)  
  14  0:20  Pylon  
  14  0:22  Probe (Chrono Boost)  
  15  0:38  Probe (Chrono Boost)  
  16  0:45  Assimilator  
  16  0:51  Gateway  
  16  0:55  Pylon  
  16  1:16  Assimilator  
  16  1:38  Zealot  
  16  1:42  Cybernetics Core  
  18  1:49  Probe (Chrono Boost)  
  19  1:59  Pylon  
  19  2:05  Probe (Chrono Boost)  
  20  2:10  Warp Gate  
  20  2:17  Probe (Chrono Boost)  
  20  2:19  Adept  
  23  2:28  Probe (Chrono Boost)  
  24  2:39  Probe (Chrono Boost)  
  25  2:45  Adept  
  25  2:51  Probe (Chrono Boost)  
  28  3:10  Stalker  
  30  5:28  Stalker  
  30  5:30  Probe (Chrono Boost), Pylon  
  33  5:37  Nexus  
  33  5:49  Probe (Chrono Boost)  
  34  5:50  Robotics Facility, Stalker  
  34  5:54  Pylon  
  36  6:00  Probe (Chrono Boost)  
  36  6:11  Probe (Chrono Boost)  
  36  6:13  Stalker  
  32  6:35  Sentry  
  32  6:38  Observer  
  35  6:50  Probe (Chrono Boost)  
  35  6:53  Probe (Chrono Boost)  
  37  6:57  Stalker  
  37  6:58  Assimilator  
  37  6:59  Observer  
  37  7:00  Assimilator  
  41  7:02  Probe (Chrono Boost)  
  41  7:04  Probe (Chrono Boost)  
  42  7:13  Probe (Chrono Boost)  
  42  7:14  Probe (Chrono Boost)  
  44  7:19  Zealot  
  46  7:25  Probe x2 (Chrono Boost)  
  48  7:36  Probe (Chrono Boost)  
  50  7:37  Probe (Chrono Boost)  
  50  7:42  Adept  
  52  7:48  Probe x2 (Chrono Boost)  
  55  7:58  Probe (Chrono Boost)  
  55  7:59  Probe (Chrono Boost)  
  56  8:09  Probe (Chrono Boost)  
  56  8:10  Probe (Chrono Boost)  
  58  8:19  Probe (Chrono Boost)  
  59  8:20  Probe (Chrono Boost)  
  60  8:30  Probe (Chrono Boost)  
  60  8:31  Probe (Chrono Boost)  
  62  8:35  Pylon  
  62  8:36  Stalker  
  61  8:41  Probe (Chrono Boost)  
  61  8:42  Probe (Chrono Boost)  
  58  8:50  Immortal  
  58  8:52  Probe (Chrono Boost)  
  58  8:55  Probe (Chrono Boost)  
  58  8:56  Pylon  
  58  9:03  Probe (Chrono Boost)  
  58  9:05  Zealot  
  58  9:06  Probe (Chrono Boost)  
  58  9:15  Probe (Chrono Boost)  
  56  9:18  Probe (Chrono Boost)  
  56  9:23  Zealot  
  57  9:34  Immortal  
  61  10:00  Stalker  
  63  10:13  Protoss Air Weapons Level 1  
  63  10:16  Warp Prism  
  63  10:20  Stargate  
  65  10:23  Robotics Bay  
  65  10:25  Pylon  
  61  10:34  Zealot  
  48  10:47  Probe (Chrono Boost)  
  48  10:49  Warp Prism  
  42  10:50  Probe (Chrono Boost)  
  42  10:53  Zealot  
  36  10:58  Probe (Chrono Boost)  
  36  11:00  Nexus  
  36  11:01  Probe (Chrono Boost)  
  38  11:07  Stargate  
  38  11:10  Observer Gravitic Boosters, Probe (Chrono Boost)  
  39  11:13  Zealot  
  36  11:22  Probe (Chrono Boost)  
  36  11:24  Observer  
  37  11:33  Zealot  
  37  11:34  Probe (Chrono Boost)  
  39  11:45  Void Ray  
  39  11:46  Probe (Chrono Boost)  
  42  11:58  Probe (Chrono Boost)  
  42  11:59  Pylon  
  43  12:10  Probe (Chrono Boost)  
  43  12:12  Probe (Chrono Boost)  
  33  12:16  Immortal  
  33  12:21  Probe (Chrono Boost)  
  34  12:23  Nexus  
  34  12:24  Stargate, Probe (Chrono Boost)  
  34  12:25  Gateway  
  34  12:30  Assimilator, Void Ray  
  34  12:31  Probe (Chrono Boost)  
  34  12:36  Probe (Chrono Boost)  
  30  12:54  Immortal  
  33  13:04  Probe (Chrono Boost)  
  33  13:10  Void Ray  
  33  13:15  Probe (Chrono Boost)  
  33  13:18  Nexus  
  38  13:24  Gateway  
  38  13:26  Probe (Chrono Boost)  
  39  13:30  Warp Prism  
  41  13:37  Probe (Chrono Boost)  
  43  13:42  Probe (Chrono Boost)  
  44  13:49  Probe (Chrono Boost)  
  44  13:53  Probe (Chrono Boost)  
  45  14:04  Probe (Chrono Boost)  
  45  14:09  Probe (Chrono Boost)  
  43  14:15  Probe (Chrono Boost)  
  44  14:20  Probe (Chrono Boost)  
  45  14:25  Probe (Chrono Boost)  
  45  14:30  Probe (Chrono Boost)  
  45  14:31  Probe (Chrono Boost)  
  48  14:35  Warp Prism  
  48  14:37  Probe (Chrono Boost)  
  51  14:42  Probe (Chrono Boost)  
  52  15:02  Zealot  
  54  15:20  Zealot  
  56  15:38  Zealot  
  56  15:39  Observer  
  41  15:56  Zealot  
  43  15:59  Observer  
  43  16:00  Probe (Chrono Boost)  
  43  16:03  Void Ray  
  45  16:05  Probe (Chrono Boost)  
  45  16:09  Probe (Chrono Boost)  
  51  16:15  Probe (Chrono Boost)  
  52  16:20  Probe (Chrono Boost)  
  54  16:26  Probe (Chrono Boost)  
  54  16:29  Probe (Chrono Boost)  
  55  16:34  Probe (Chrono Boost)  
  55  16:38  Probe (Chrono Boost)  
  57  16:44  Probe (Chrono Boost)  
  58  16:49  Probe (Chrono Boost)  
  58  16:53  Probe (Chrono Boost)  
  60  16:57  Probe (Chrono Boost)  
  61  17:02  Probe (Chrono Boost)  
  61  17:04  Void Ray  
  61  17:06  Probe (Chrono Boost)  
  60  17:24  Zealot  
  58  17:31  Probe (Chrono Boost)  
  58  17:35  Immortal  
  58  17:36  Probe (Chrono Boost)  
  50  17:40  Assimilator  
  50  17:43  Assimilator  
  47  17:47  Zealot  
  41  17:59  Void Ray  
  45  18:12  Zealot  
  45  18:15  Probe (Chrono Boost)  
  48  18:21  Probe (Chrono Boost)  
  48  18:23  Immortal  
  48  18:26  Probe (Chrono Boost)  
  42  18:28  Nexus  
  42  18:33  Assimilator  
  42  18:36  Assimilator  
  41  18:41  Zealot  
  39  18:52  Assimilator  
  39  18:53  Void Ray  
  35  19:00  Probe (Chrono Boost), Warp Prism  
  42  19:05  Probe (Chrono Boost)  
  42  19:11  Probe (Chrono Boost)  
  43  19:23  Probe (Chrono Boost)  
  44  19:28  Probe (Chrono Boost)  
  45  19:32  Immortal  
  45  19:34  Probe (Chrono Boost)  
  50  19:52  Probe (Chrono Boost)  
  51  19:56  Probe (Chrono Boost)  
  52  20:05  Probe (Chrono Boost)  
  53  20:10  Observer, Probe (Chrono Boost)  
  53  20:13  Probe (Chrono Boost)  
  56  20:17  Probe (Chrono Boost)  
  57  20:23  Probe (Chrono Boost)  
  57  20:26  Probe (Chrono Boost)  
  57  20:27  Warp Prism  
  59  20:30  Nexus, Probe (Chrono Boost)  
  62  20:50  Probe (Chrono Boost)  
  62  20:55  Probe (Chrono Boost)  
  64  20:59  Probe (Chrono Boost)  
  65  21:07  Probe (Chrono Boost)  
  67  21:11  Probe (Chrono Boost)  
  67  21:15  Probe (Chrono Boost)  
  68  21:20  Probe (Chrono Boost)  
  68  21:24  Probe (Chrono Boost)  
  70  21:28  Probe (Chrono Boost)  
  71  21:44  Probe (Chrono Boost)  
  72  21:48  Probe (Chrono Boost)  
  72  21:52  Probe (Chrono Boost)  
  74  21:56  Probe (Chrono Boost)  
  75  22:18  Assimilator  
  75  22:22  Assimilator  
  71  22:51  Zealot  
  73  23:24  Observer  
  73  26:04  Nexus  
  73  27:22  Assimilator  
  73  27:26  Assimilator  
Tags
 
Matchup
PvT
Replay Pack
RP
Spawn Locations
Cross Positions
Add a new tag
Caveats
  • Supply blocks, unpowered buildings, or Contaminate may cause inaccurate times.
  • Supply counts are checked every 10 seconds.